 Dungeon Crawl Stone Soup version 0.30-a0-845-g7c6808c8ce (webtiles) character file.

Game seed: 15317463529387809301

5242 qeuew the Grappler (level 10, -4/102 HPs)
             Began as a Troll Chaos Knight on Mar 2, 2023.
             Was a Plaything of Xom.
             Slain by a yak (13 damage)
             ... on level 9 of the Dungeon.
             The game lasted 00:07:58 (5634 turns).

qeuew the Grappler (Troll Chaos Knight)             Turns: 5634, Time: 00:07:59

Health: -4/102     AC:  5    Str: 30    XL:     10   Next: 36%
Magic:  9/9        EV: 13    Int:  8    God:    Xom [..*...]
Gold:   347        SH:  0    Dex: 17    Spells: 9/9 levels left

rFire   . . .      SeeInvis .      - Unarmed
rCold   . . .      Faith    .    (no shield)
rNeg    . . .      Spirit   .    a - +2 robe
rPois   .          Reflect  .    (helmet restricted)
rElec   .          Rampage  .    (no cloak)
rCorr   .                        (gloves unavailable)
Will    .....                    (boots unavailable)
Stlth   +                        n - amulet of regeneration
HPRegen 1.97/turn                o - +6 ring of dexterity
MPRegen 0.11/turn                q - +6 ring of strength

@: confused, lethally poisoned (-4 -> -6), about to teleport
A: large, unfitting armour, claws 3, regeneration 1, shaggy fur 1, tough skin 1,
large bone plates 1, deformed body
a: Renounce Religion


You were on level 9 of the Dungeon.
You worshipped Xom.
You were a toy of Xom.
You visited 2 branches of the dungeon, and saw 10 of its levels.

You collected 347 gold pieces.

Inventory:

Missiles
 r - a throwing net
Armour
 a - a +2 robe (worn)
Jewellery
 n - an amulet of regeneration (around neck)
 o - a +6 ring of dexterity (left claw)
 q - a +6 ring of strength (right claw)
 v - a ring of positive energy
Wands
 d - a wand of digging (5)
 k - a wand of light (6)
 s - a wand of paralysis (3)
Scrolls
 c - a scroll of amnesia
 g - a scroll of brand weapon
 l - a scroll of enchant weapon
 u - a scroll of enchant armour
Potions
 f - 3 potions of heal wounds
 h - a potion of resistance
 j - 3 potions of ambrosia
 m - 2 potions of curing
 p - a potion of lignification
Miscellaneous
 b - a piece from Xom's chessboard (15/15) (quivered)


   Skills:
 + Level 7.3 Fighting
 + Level 7.0 Dodging
 * Level 11.8 Unarmed Combat


You had 9 spell levels left.
You didn't know any spells.
Your spell library contained the following spells:

 Spells                   Type           Power      Damage    Failure   Level
 Beastly Appendage        Tmut           0%         N/A       41%         1
 Kiss of Death            Conj/Necr      0%         2d5       41%         1
 Blink                    Tloc           0%         N/A       54%         2
 Cigotuvi's Dreadful Rot  Necr/Pois/Air  0%         N/A       54%         2
 Ensorcelled Hibernation  Hex/Ice        0%         N/A       54%         2
 Lesser Beckoning         Tloc           0%         N/A       54%         2
 Momentum Strike          Conj/Tloc      0%         3d8       54%         2
 Poisonous Vapours        Pois/Air       0%         N/A       54%         2
 Wereblood                Tmut           0%         N/A       54%         2
 Confusing Touch          Hex            0%         N/A       78%         3
 Mephitic Cloud           Conj/Pois/Air  0%         N/A       78%         3
 Ozocubu's Armour         Ice            0%         N/A       78%         3
 Spider Form              Tmut/Pois      0%         N/A       78%         3
 Anguish                  Hex/Necr       0%         N/A       99%         4
 Dispel Undead            Necr           0%         3d6       99%         4
 Summon Forest            Summ/Tloc      0%         N/A       100%        5
 Summon Mana Viper        Hex/Summ       0%         N/A       100%        5
 Summon Cactus Giant      Summ           0%         N/A       100%        6
 Ozocubu's Refrigeration  Ice            0%         4d7       100%        7


Dungeon Overview and Level Annotations

Branches:
Dungeon (9/15)             Temple (1/1) D:6            Lair (0/5) D:8
    Orc: D:9-12

Altars:
Ashenzari
Cheibriados
Elyvilon
Fedhas
Gozag
Hepliaklqana
Kikubaaqudgha
Makhleb
Nemelex Xobeh
Okawaru
Qazlal
Ru
Trog
Uskayaw
Vehumet
Wu Jian
Xom
Yredelemnul
Zin
The Shining One

Shops:
D:7 =

Annotations:
D:8 3 runed translucent doors, cforsyth's ghost, novice KoBr


Innate Abilities, Weirdness & Mutations

You are too large for most types of armour.
You have claws for hands.
Your natural rate of healing is unusually fast.
You are covered in fur. (AC +1)
You have tough skin. (AC +1)
You are partially covered in large bone plates. (SH +4)
Armour fits poorly on your strangely shaped body.


Message History

You block the killer bee's attack. The killer bee barely misses you.
The killer bee closely misses you. The water moccasin misses you.
The killer bee closely misses you.
The killer bee stings you but does no damage.
You block the killer bee's attack. The killer bee closely misses you.
The killer bee stings you.
* * * LOW HITPOINT WARNING * * *
You are more poisoned.
The killer bee poisons you!
You mangle the killer bee!!
You kill the killer bee!
You feel very sick. The water moccasin bites you.
* * * LOW HITPOINT WARNING * * *
The killer bee closely misses you. You block the killer bee's attack.
The killer bee closely misses you. You block the killer bee's attack.
The killer bee barely misses you. The killer bee closely misses you.
You feel very sick.
You block the killer bee's attack. x2; The killer bee misses you.
The water moccasin barely misses you. The killer bee stings you.
* * * LOW HITPOINT WARNING * * *
The killer bee barely misses you.
The water moccasin bites you but does no damage.
You see here a killer bee corpse.
You miss the killer bee.
You feel sick. "Heh heh heh..."
You are confused.
The wolf looks rather confused.
The killer bee looks rather confused. x8
The water moccasin looks rather confused.
The yak looks rather confused. x2; The water moccasin seems less confused.
The yak seems less confused.
The killer bee stings the killer bee! x2
The killer bee is poisoned.
The killer bee poisons the killer bee!
The killer bee stings the water moccasin.
The killer bee stings the killer bee!
The killer bee stings you!
* * * LOW HITPOINT WARNING * * *
Xom is mildly amused.
The killer bee stings the wolf but does no damage.
The wolf closely misses the killer bee.
The yak gores you!
You die...
Xom is highly amused!

♣.♣ ♣♣..♣ ..........
♣.♣♣♣..♣♣# #.........
♣.♣♣).♣♣.# #.........
♣♣♣.♣.)♣♣.♣# #.........
...).....♣♣ #.........
###.######### #.h....[..
............# #yy.Y.....
###.######..# #yyyy.....
##..######.####y@S......
.................Yy.....
..................$.....
########################


You could see 2 yaks, a water moccasin, a wolf (confused) and 8 killer bees.

Vanquished Creatures
  Pikel (D:4)
  A gargoyle (D:9)
  7 yaks
  A wyvern (D:8)
  A steam dragon (D:8)
  A water moccasin (D:5)
  A sky beast (D:7)
  3 orc warriors
  2 ice beasts (D:5)
  3 ogres
  A lemure (D:4)
  3 centaurs
  3 phantoms
  2 kobold brigands
  3 bullfrogs
  A gnoll sergeant (D:8)
  5 scorpions
  A killer bee (D:9)
  4 howler monkeys
  2 jellies
  An orc priest (D:5)
  2 gnoll boudas (D:7)
  3 hounds
  2 iguanas
  3 sleepcaps
  6 orc wizards
  Ijyb (D:4)
  Natasha (thrice) (D:4)
  13 gnolls
  7 adders
  2 shadow imps
  2 white imps
  2 ufetubi
  3 worms
  6 dart slugs
  20 orcs
  2 bats
  10 endoplasms
  2 giant cockroaches
  7 goblins
  8 hobgoblins
  10 jackals
  7 kobolds
  2 quokkas
  6 ball pythons
  2 frilled lizards
  4 rats
182 creatures vanquished.

Notes
Turn   | Place    | Note
-------+----------+-------------------------------------------
     0 | D:1      | qeuew the Troll Chaos Knight began the quest for the Orb.
     0 | D:1      | Reached XP level 1. HP: 22/22 MP: 0/0
    13 | D:1      | XOM: divination: detect creatures
    97 | D:1      | Reached XP level 2. HP: 29/29 MP: 1/1
   124 | D:1      | XOM: potion effect (experience)
   124 | D:1      | Reached skill level 7 in Unarmed Combat
   124 | D:1      | Reached XP level 3. HP: 40/40 MP: 2/2
   149 | D:1      | Found a faded altar of an unknown god.
   234 | D:1      | XOM: silly message
   552 | D:2      | XOM: silly message
   565 | D:2      | Reached XP level 4. HP: 49/49 MP: 3/3
   709 | D:2      | XOM: silly message
   861 | D:2      | XOM: noise
   864 | D:2      | XOM: silly message
  1280 | D:3      | XOM: silly message
  1328 | D:3      | XOM: 5-stop teleportation journey
  1344 | D:3      | XOM is BORED!
  1344 | D:3      | XOM: 4-stop teleportation journey
  1354 | D:3      | XOM: 4-stop teleportation journey
  1896 | D:4      | You fall into a shaft and drop 2 floors!
  1907 | D:6      | Noticed a kobold brigand
  1913 | D:6      | XOM: 6-stop teleportation journey
  1938 | D:6      | Noticed a phantom
  1941 | D:6      | Reached XP level 5. HP: 55/55 MP: 4/4
  1943 | D:6      | Noticed an ogre
  1946 | D:6      | Killed a phantom
  1950 | D:6      | Killed an ogre
  1951 | D:6      | Reached XP level 6. HP: 65/65 MP: 5/5
  1970 | D:5      | Entered Level 5 of the Dungeon
  1970 | D:5      | Found a sacrificial altar of Ru.
  1973 | D:5      | Noticed an ice beast
  1975 | D:5      | Reached skill level 5 in Fighting
  1975 | D:5      | Reached skill level 8 in Unarmed Combat
  1977 | D:5      | XOM: repel stairs
  1983 | D:5      | Killed an ice beast
  2046 | D:5      | Reached XP level 7. HP: 64/72 MP: 6/6
  2068 | D:5      | XOM: give mutation
  2068 | D:5      | Gained mutation: Armour fits poorly on your strangely
                  | shaped body. [Xom's mischief]
  2076 | D:5      | Reached skill level 5 in Dodging
  2145 | D:4      | Noticed Ijyb
  2152 | D:4      | Killed Ijyb
  2210 | D:4      | XOM: give mutation
  2210 | D:4      | Gained mutation: You are partially covered in large bone
                  | plates. (SH +4) [Xom's grace]
  2275 | D:4      | Noticed Natasha
  2284 | D:4      | Killed Natasha
  2368 | D:4      | Noticed Natasha
  2380 | D:4      | Killed Natasha
  2426 | D:4      | XOM: fake destruction
  2432 | D:4      | Noticed Pikel
  2438 | D:4      | XOM: summons friendly shadow imp
  2458 | D:4      | Killed Pikel
  2459 | D:4      | Reached skill level 9 in Unarmed Combat
  2459 | D:4      | Reached XP level 8. HP: 52/83 MP: 7/7
  2717 | D:4      | Noticed Natasha
  2724 | D:4      | Killed Natasha
  3268 | D:5      | Found a glowing silver altar of Zin.
  3468 | D:6      | Found a staircase to the Ecumenical Temple.
  3501 | Temple   | Entered the Ecumenical Temple
  3534 | Temple   | XOM: silly message
  3681 | D:6      | XOM: torment (43/83 hp)
  3855 | D:6      | Reached skill level 10 in Unarmed Combat
  3855 | D:6      | Reached XP level 9. HP: 86/89 MP: 8/8
  3940 | D:6      | XOM: potion effect (haste)
  3943 | D:6      | XOM: potion effect (might)
  4007 | D:6      | Found a broken altar of Ashenzari.
  4061 | D:7      | Found Vomev's Jewellery Shoppe.
  4254 | D:7      | XOM: cast spell 'Summon Small Mammal'
  4495 | D:7      | XOM: 8-stop teleportation journey
  4982 | D:8      | XOM: summons 2 friendly demons
  5005 | D:8      | XOM: noise
  5010 | D:8      | Reached skill level 11 in Unarmed Combat
  5017 | D:8      | Reached XP level 10. HP: 14/100 MP: 9/9
  5101 | D:8      | Found a glowing golden altar of the Shining One.
  5272 | D:8      | Found a burning altar of Makhleb.
  5369 | D:8      | Found a runed translucent gate.
  5369 | D:8      | Found a runed translucent gate.
  5369 | D:8      | Noticed cforsyth's ghost (novice KoBr)
  5370 | D:8      | Found a runed translucent gate.
  5401 | D:8      | Found a staircase to the Lair.
  5542 | D:9      | Noticed a gargoyle
  5555 | D:9      | Killed a gargoyle
  5634 | D:9      | XOM: confusion (+ monsters)
  5634 | D:9      | Slain by a yak

Illustrated notes

Levels and vault maps discovered:
D:1:      matt_arrival_spirals, layout_rooms, shapermc_ecumenical_altar_ellora
D:2:      layout_basic
D:3:      layout_basic
D:4:      layout_loops_corners, uniq_ijyb, uniq_natasha, uniq_pikel
D:5:      layout_cave_pools, grunt_temple_overflow_open, nicolae_titane
D:6:      layout_rooms, general_overflow_altar, minmay_temple_entry_overgrown
D:7:      layout_basic, serial_shops, nicolae_stop_n_shop_1
D:8:      layout_cave_pools, mainiacjoe_overflow_small_starburst,
          bloody_makhleb, lair_entry_dummy, gammafunk_ghost_split,
          kennysheep_windowed_goal
D:9:      nzn_winding_woodlands_stair_cross [nzn_winding_woodlands_5x15_pockets,
          nzn_winding_woodlands_center_garden, nzn_winding_woodlands_5x15_twine,
          nzn_winding_woodlands_5x5_open_star,
          nzn_winding_woodlands_5x5_default,
          nzn_winding_woodlands_5x15_split_checker,
          nzn_winding_woodlands_center_triple_pond,
          nzn_winding_woodlands_5x15_zeroes], layout_long_grid, serial_shops,
          shop, uniq_grum
Temple:   nicolae_temple_superstar

Skill      XL: |  1  2  3  4  5  6  7  8  9 10 |
---------------+-------------------------------+-----
Dodging        | 2 4 5 6 7 |  7.0
Fighting       | 4 5 6 7 |  7.3
Unarmed Combat | 7 8 9 10 11 | 11.8

Action                     |  1- 3 |  4- 6 |  7- 9 | 10-12 || total
---------------------------+-------+-------+-------+-------++-------
  Melee: Unarmed           |    60 |   103 |   279 |    60 ||   502
         Punch             |       |     3 |    11 |     3 ||    17
    Use: Potion            |     4 |       |     1 |     2 ||     7
         Scroll            |     3 |     5 |     7 |     1 ||    16
 Armour: Robe              |    24 |    31 |    50 |    13 ||   118
  Dodge: Dodged            |    21 |    43 |   131 |    51 ||   246
  Block: Other             |       |       |    41 |    16 ||    57

Table legend: (Time is in decaauts)
 A = Elapsed time spent in this place.
 B = Non-inter-level travel time spent in this place.
 C = Inter-level travel time spent in this place.
 D = Time resting spent in this place.
 E = Time spent auto-exploring this place.
 F = Levels seen in this place.
 G = Mean time per level.
                   A        B        C        D        E       F      G
               +--------+--------+--------+--------+--------+-----+--------+
         Total |   5526 |   5329 |    197 |      0 |   4305 |  10 |  552.6 |
       Dungeon |   5386 |   5215 |    171 |      0 |   4207 |   9 |  598.4 |
        Temple |    139 |    113 |     26 |      0 |     98 |   1 |  139.0 |
               +--------+--------+--------+--------+--------+-----+--------+

Top non-repeatable levels by time:
     D:4: 936 daAuts
     D:7: 867 daAuts
     D:2: 689 daAuts
     D:3: 654 daAuts
     D:1: 533 daAuts
     D:5: 523 daAuts
     D:8: 514 daAuts
     D:6: 509 daAuts
     D:9: 157 daAuts
  Temple: 139 daAuts
